 Dungeon Crawl Stone Soup version 0.28.0-53-g5a82cb258f (webtiles) character file.

Game seed: 7329173275314596001

56473 safid the Severer (level 14, 0/127 HPs)
             Began as a Hill Orc Fighter on Aug 10, 2022.
             Was the Champion of Okawaru.
             Slain by an orc knight
             ... wielding a +0 long sword
              (12 damage)
             ... while paralysed by an orc sorcerer
             ... on level 2 of the Orcish Mines.
             The game lasted 00:33:33 (16786 turns).

safid the Severer (Hill Orc Fighter)               Turns: 16786, Time: 00:33:34

Health: 0/127      AC: 19    Str: 24    XL:     14   Next: 81%
Magic:  21/21      EV:  2    Int: 11    God:    Okawaru [******]
Gold:   2660       SH:  0    Dex: 15    Spells: 13/13 levels left

rFire   . . .      SeeInvis +   a - +8 battleaxe "Pillei" {vorpal, rPois rCorr Int+3}
rCold   . . .      Faith    .   (shield currently unavailable)
rNeg    . . .      Spirit   .   Z - +0 plate armour
rPois   +          Reflect  .   m - +1 helmet
rElec   +          Harm     .   h - +0 cloak
rCorr   +          Rampage  .   (no gloves)
Will    +....                   (no boots)
Stlth   ..........              j - amulet of regeneration
HPRegen 1.11/turn               X - ring of Vycsuak {Wiz rElec Dex+5}
MPRegen 0.17/turn               c - ring of see invisible

@: paralysed, finesse-ful, studying Bows
A: no striking features
a: Renounce Religion, Heroism, Finesse, Duel


You were on level 2 of the Orcish Mines.
You worshipped Okawaru.
Okawaru was exalted by your worship.
You visited 3 branches of the dungeon, and saw 19 of its levels.
You also visited: Ossuary.

You collected 2660 gold pieces.

Inventory:

Hand Weapons
 a - the +8 battleaxe "Pillei" (weapon) {vorpal, rPois rCorr Int+3}
   (Okawaru gifted it to you on level 6 of the Lair of Beasts)

   It inflicts extra damage upon your enemies.
   Int:       It affects your intelligence (+3).
   rPois:     It protects you from poison.
   rCorr:     It protects you from acid and corrosion.
 K - a +0 broad axe
Missiles
 O - 3 silver boomerangs (quivered)
 S - 33 poisoned darts
Armour
 h - a +0 cloak (worn)
 m - a +1 helmet (worn)
 Z - a +0 plate armour (worn)
Jewellery
 c - a ring of see invisible (right hand)
 j - an amulet of regeneration (around neck)
 n - a ring of poison resistance
 A - a ring of flight
 L - an amulet of reflection
 W - a ring of resist corrosion
 X - the ring of Vycsuak (left hand) {Wiz rElec Dex+5}
   (You took it off a spriggan on level 1 of the Lair of Beasts)

   [ring of wizardry]

   It improves your spell success rate.
   Dex:       It affects your dexterity (+5).
   rElec:     It insulates you from electricity.
 Y - a ring of fire
Wands
 d - a wand of mindburst (8)
 J - a wand of polymorph (15)
 P - a wand of iceblast (16)
 R - a wand of flame (24)
 T - a wand of paralysis (14)
 V - a wand of acid (4)
Scrolls
 e - 3 scrolls of fog
 g - 3 scrolls of magic mapping
 i - 2 scrolls of blinking
 k - 4 scrolls of enchant armour
 l - 3 scrolls of enchant weapon
 t - 5 scrolls of fear
 y - a scroll of torment {unknown}
 N - 7 scrolls of teleportation
 Q - 2 scrolls of vulnerability {unknown}
Potions
 b - 2 potions of ambrosia
 f - 4 potions of heal wounds {unknown}
 o - a potion of cancellation {unknown}
 p - 4 potions of mutation
 q - 3 potions of invisibility {unknown}
 s - 10 potions of curing
 u - 3 potions of lignification {unknown}
 v - 4 potions of haste {unknown}
 z - 3 potions of brilliance {unknown}
 B - 2 potions of resistance {unknown}
 C - 2 potions of degeneration {unknown}
 E - a potion of attraction {unknown}
 F - 4 potions of flight {unknown}
 G - a potion of might
 H - 3 potions of berserk rage {unknown}
Miscellaneous
 r - a condenser vane
 U - a lightning rod (4/4)


   Skills:
 + Level 12.9 Fighting
 + Level 18.2 Axes
 + Level 7.5 Throwing
 - Level 12.0 Armour
 - Level 6.0 Dodging
 - Level 4.0 Shields
 + Level 10.6 Invocations
 - Level 8.0 Evocations


You had 13 spell levels left.
You didn't know any spells.
Your spell library contained the following spells:

 Spells                   Type           Power      Damage    Failure   Level
 Apportation              Tloc           0%         N/A       77%         1
 Beastly Appendage        Tmut           0%         N/A       77%         1
 Freeze                   Ice            0%         1d3       77%         1
 Magic Dart               Conj           0%         1d3       77%         1
 Sandblast                Erth           0%         2d4       77%         1
 Shock                    Conj/Air       0%         1d3       77%         1
 Slow                     Hex            0%         N/A       77%         1
 Passwall                 Tmut/Erth      0%         N/A       87%         2
 Searing Ray              Conj           0%         2d4       87%         2
 Sublimation of Blood     Necr           0%         N/A       87%         2
 Wereblood                Tmut           0%         N/A       87%         2
 Frozen Ramparts          Ice            0%         1d2       98%         3
 Spider Form              Tmut/Pois      0%         N/A       98%         3
 Stone Arrow              Conj/Erth      0%         3d7       98%         3
 Swiftness                Air            0%         N/A       98%         3
 Airstrike                Air            0%         N/A       100%        4
 Fulminant Prism          Conj/Hex       0%         3d6       100%        4
 Hailstorm                Conj/Ice       0%         3d3       100%        4
 Leda's Liquefaction      Hex/Erth       0%         N/A       100%        4
 Petrify                  Tmut/Erth      0%         N/A       100%        4
 Alistair's Intoxication  Tmut/Pois      0%         N/A       100%        5
 Storm Form               Tmut/Air       0%         N/A       100%        7
 Maxwell's Capacitive Co  Air            0%         ∞         100%        8
 Summon Ice Beast         Ice/Summ       Unusable   N/A       N/A         4
 Summon Lightning Spire   Summ/Air       Unusable   N/A       N/A         4
 Haunt                    Necr/Summ      Unusable   N/A       N/A         7
 Summon Hydra             Summ           Unusable   N/A       N/A         7

Dungeon Overview and Level Annotations

Branches:
Dungeon (11/15)            Temple (0/1) D:7            Lair (6/6) D:8
 Shoals (0/4) Lair:4       Spider (0/4) Lair:3        Slime (0/5) Lair:6
    Orc (2/2) D:9             Elf (0/3) Orc:2       Ossuary (visited)

Altars:
Ashenzari
Dithmenos
Elyvilon
Fedhas
Gozag
Kikubaaqudgha
Makhleb
Okawaru
Ru
Trog
Vehumet
Xom
Yredelemnul
Zin
The Shining One
Lugonu

Shops:
D:6 :   Orc:1 :   Orc:2 (

Portals:
Hell: Lair:6
Abyss: Lair:3

Annotations:
D:4 1 runed translucent door, Crazy Yiuf


Message History

Okawaru accepts your kill.
You slice the orc knight!!
Unknown command.
Things that are here:
a +0 dagger; a +0 robe; an orc corpse The orc wizard casts a spell.
The orc wizard flickers and vanishes for a moment.
The orc knight no longer looks unusually strong.
An orc sorcerer comes into view.
It is wielding a +0 dagger and wearing a +2 robe of willpower.
The orc sorcerer shouts!
You hear a shout! x3
An orc warrior comes into view. It is wielding a +0 flail.
An orc priest comes into view. It is wielding a +0 club.
The orc sorcerer gestures at you while chanting.
You suddenly lose the ability to move!
The orc warrior shouts!
You hear a shout!
The orc knight hits you with a +0 long sword!
* * * LOW HITPOINT WARNING * * *
You can move again.
Unknown command.
The orc knight roars a battlecry!
The orcs go into a battle-frenzy!
The orc knight roars a battlecry!
The orc sorcerer gestures at you while chanting.
You suddenly lose the ability to move!
The orc sorcerer mumbles some strange words.
The orc warrior no longer looks unusually strong.
The orc sorcerer gestures wildly while chanting.
The orc knight hits you but does no damage.
You hear an angry growl.
The orc sorcerer no longer looks unusually strong.
The orc knight hits you with a +0 long sword!
* * * LOW HITPOINT WARNING * * *
The orc warrior hits you with a +0 hand axe!
* * * LOW HITPOINT WARNING * * *
The orc knight roars a battlecry!
The orc sorcerer goes into a battle-frenzy!
The orc warrior no longer looks unusually strong.
The orc sorcerer mumbles some strange words.
The orc knight hits you with a +0 long sword!
You die...

#..# #.........##.### ###.####
##.#.....###.# ##...#..##
##[4[....##.# #........#
##o[....##.# ####........###
##o#4o...##..
#...........#.###.3......###.
##.....##......#....#.....# .
#.......#......o..........#
##.....###.....@o.#.#....##
##....###.....#######.###
#.....##.)...<# ###
#.......[))#.## ##
##.....^[).### ###### ##.
##....[[.## #.##.# ##..
##.....### ####....## #...
##........####........## #...
##.........#.###......<.####)..


You could see an orc knight, a soul eater (summoned), a chaos spawn (summoned),
an orc sorcerer (strong), a red devil (summoned), 2 orc warriors and an orc
wizard (strong, invisible).

Vanquished Creatures
  An orc warlord (Orc:2)
  A dire elephant (Lair:6)
  2 boulder beetles
  5 hydras
  A hell beast (Lair:6)
  A two-headed ogre (Orc:1)
  12 death yaks
  An orc high priest (Orc:2)
  2 lindwurms
  2 orc knights
  A wizard (Lair:6)
  A deep elf pyromancer (D:11)
  A cyclops (D:11)
  5 orc sorcerers (Orc:2)
  2 centaur zombies
  A merfolk siren (Lair:4)
  4 elephants
  2 gargoyles
  7 black mambas
  Maggie (D:8)
  2 orange demons (Lair:6)
  5 rime drakes
  An unseen horror (D:11)
  14 cane toads
  A hellwing (Lair:6)
  2 ice devils (Lair:6)
  10 komodo dragons
  A red devil (Lair:6)
  A polar bear (Lair:5)
  3 trolls
  A hornet (D:11)
  6 blink frogs
  A meliai zombie (D:10)
  A shadow (D:10)
  A spriggan (Lair:1)
  Sigmund (D:2)
  51 yaks
  3 wyverns
  A basilisk (Lair:3)
  2 steam dragons
  4 vampire mosquitoes
  4 wargs
  12 water moccasins
  4 hell hounds (Lair:6)
  19 orc warriors
  6 black bears
  7 ogres
  3 ice beasts
  23 wolves
  5 centaurs
  2 kobold brigands (D:9)
  A gnoll sergeant (D:11)
  11 bullfrogs
  2 wyvern zombies
  A scorpion (D:5)
  3 water moccasin zombies (Ossuary)
  3 wights (D:10)
  4 howler monkeys
  2 electric eels (D:9)
  3 bullfrog zombies
  2 hounds
  9 orc priests
  A centaur skeleton (D:7)
  2 iguanas
  19 orc wizards
  A killer bee zombie (D:7)
  2 hound skeletons (D:4)
  2 mummies (Ossuary)
  A howler monkey zombie (D:7)
  21 gnolls
  A howler monkey skeleton (D:4)
  5 adders
  A shadow imp (D:7)
  3 white imps
  2 howler monkey simulacra (D:9)
  2 ufetubi
  2 adder zombies (Ossuary)
  An adder skeleton (D:4)
  3 worms
  4 dart slugs
  47 orcs
  7 bats
  10 endoplasms
  6 giant cockroaches
  4 gnoll zombies (Ossuary)
  8 hobgoblins
  3 jackals (D:1)
  2 quokkas
  6 ball pythons
  4 frilled lizards
  11 goblins
  5 hobgoblin zombies (Ossuary)
  17 kobolds
  5 kobold zombies (Ossuary)
  3 orc zombies (Ossuary)
  5 rats
507 creatures vanquished.

Vanquished Creatures (others)
  An orc wizard (D:6)
  A white imp (D:9)
  A bush (Lair:6)
  12 fungi
  A lurking horror (Lair:3)
  37 plants
53 creatures vanquished.

Grand Total: 560 creatures vanquished

Notes
Turn   | Place    | Note
-------+----------+-------------------------------------------
     0 | D:1      | safid the Hill Orc Fighter began the quest for the Orb.
     0 | D:1      | Reached XP level 1. HP: 19/19 MP: 1/1
   129 | D:1      | Reached skill level 3 in Axes
   129 | D:1      | Reached XP level 2. HP: 27/27 MP: 2/2
   551 | D:1      | Reached XP level 3. HP: 29/33 MP: 3/3
  1191 | D:2      | Noticed Sigmund
  1201 | D:2      | Killed Sigmund
  1202 | D:2      | Reached skill level 6 in Axes
  1202 | D:2      | Reached XP level 4. HP: 13/40 MP: 4/4
  1202 | D:2      | Reached XP level 5. HP: 15/46 MP: 5/5
  1716 | D:2      | Reached XP level 6. HP: 52/52 MP: 6/6
  2076 | D:3      | Reached skill level 7 in Axes
  2653 | D:3      | Found a faded altar of an unknown god.
  2682 | D:3      | Prayed at the altar of an unknown god.
  2682 | D:3      | Became a worshipper of Warmaster Okawaru
  2682 | D:3      | Reached * piety under Okawaru
  2834 | D:4      | Identified the +1 ring mail of the Bulwark {rPois Dex+4
                  | Stlth+}
  2860 | D:4      | Reached skill level 8 in Axes
  2917 | D:4      | Reached XP level 7. HP: 42/59 MP: 7/7
  3013 | D:4      | Reached skill level 9 in Axes
  3063 | D:4      | Found a basalt altar of Yredelemnul.
  3065 | D:4      | Noticed a profane servitor
  3195 | D:4      | Reached ** piety under Okawaru
  3282 | D:4      | Found a runed translucent door.
  3283 | D:4      | Noticed Crazy Yiuf
  3411 | D:4      | Found a glowing silver altar of Zin.
  3462 | D:4      | Found a glowing golden altar of the Shining One.
  3544 | D:5      | Entered Level 5 of the Dungeon
  3551 | D:5      | Reached skill level 10 in Axes
  3655 | D:5      | Reached XP level 8. HP: 66/66 MP: 8/8
  3669 | D:5      | Reached skill level 11 in Axes
  3924 | D:5      | Reached skill level 12 in Axes
  4105 | D:6      | Noticed a yak
  4106 | D:6      | Noticed a yak
  4107 | D:6      | Noticed a yak
  4122 | D:6      | Noticed a yak
  4123 | D:6      | Killed a yak
  4124 | D:6      | Noticed a yak
  4129 | D:6      | Noticed a yak
  4134 | D:6      | Killed a yak
  4135 | D:6      | Reached skill level 13 in Axes
  4146 | D:6      | Killed a yak
  4150 | D:6      | Killed a yak
  4150 | D:6      | Reached *** piety under Okawaru
  4151 | D:6      | Reached skill level 14 in Axes
  4151 | D:6      | Reached XP level 9. HP: 44/71 MP: 6/9
  4191 | D:6      | Found Xyvich's Self-Improvement Boutique.
  4211 | D:6      | Reached skill level 15 in Axes
  4282 | D:6      | Found a sand-covered staircase.
  4287 | Ossuary  | Entered an ossuary
  4976 | D:7      | Reached skill level 16 in Axes
  5218 | D:7      | Reached skill level 1 in Dodging
  5239 | D:7      | Found a white marble altar of Elyvilon.
  5351 | D:7      | Found a staircase to the Ecumenical Temple.
  5383 | D:7      | Reached **** piety under Okawaru
  5473 | D:7      | Reached skill level 5 in Fighting
  5513 | D:7      | Found a radiant altar of Vehumet.
  5557 | D:7      | Reached skill level 5 in Armour
  5574 | D:7      | Reached XP level 10. HP: 46/81 MP: 10/10
  6082 | D:8      | Found a shadowy altar of Dithmenos.
  6137 | D:8      | Found a sacrificial altar of Ru.
  6175 | D:8      | Found a staircase to the Lair.
  6367 | D:8      | Noticed Maggie
  6393 | D:8      | Killed Maggie
  6479 | D:8      | Found an iron altar of Okawaru.
  6613 | D:8      | Found a shimmering altar of Xom.
  6781 | D:9      | Found a staircase to the Orcish Mines.
  6881 | D:9      | Found a bloodstained altar of Trog.
  6884 | D:9      | Found a broken altar of Ashenzari.
  7109 | D:9      | Reached ***** piety under Okawaru
  7175 | D:9      | Found an opulent altar of Gozag.
  7349 | D:9      | Noticed a death yak
  7430 | D:9      | HP: 1/88 [death yak (21)]
  7434 | D:9      | Killed a death yak
  7435 | D:9      | Reached XP level 11. HP: 4/94 MP: 8/11
  7843 | D:10     | Entered Level 10 of the Dungeon
  7881 | D:10     | Reached skill level 5 in Dodging
  7954 | D:10     | Found an ancient bone altar of Kikubaaqudgha.
  7981 | D:10     | Reached skill level 1 in Invocations
  7986 | D:10     | Reached skill level 1 in Evocations
  7992 | D:10     | Reached skill level 1 in Throwing
  8446 | D:11     | Found a blossoming altar of Fedhas.
  8694 | D:11     | Noticed a cyclops
  8702 | D:11     | Killed a cyclops
  8702 | D:11     | Reached ****** piety under Okawaru
  8867 | D:11     | Noticed a deep elf pyromancer
  8878 | D:11     | Killed a deep elf pyromancer
  9139 | D:11     | Noticed a boulder beetle
  9169 | D:11     | Killed a boulder beetle
  9169 | D:11     | Identified the +3 battleaxe of Skirmishing {speed, Int+3}
                  | (Okawaru gifted it to you on level 11 of the Dungeon)
  9169 | D:11     | Received a gift from Okawaru
  9345 | Lair:1   | Entered Level 1 of the Lair of Beasts
  9432 | Lair:1   | Reached XP level 12. HP: 104/105 MP: 15/15
  9640 | Lair:1   | Reached skill level 5 in Invocations
  9665 | Lair:1   | Reached skill level 10 in Fighting
  9893 | Lair:1   | Received a gift from Okawaru
 10015 | Lair:1   | Identified the ring of Vycsuak {Wiz rElec Dex+5}
 10016 | Lair:1   | Noticed a six-headed hydra
 10029 | Lair:1   | Killed a 14-headed hydra
 10828 | Lair:2   | Got the Almanac of Air and the Glacier
 10947 | Lair:2   | Reached skill level 10 in Armour
 10947 | Lair:2   | Reached skill level 5 in Evocations
 11661 | Lair:3   | You fall into a shaft and drop 1 floor!
 11757 | Lair:3   | Found a hole to the Spider Nest.
 11952 | Lair:3   | Found a corrupted altar of Lugonu.
 11952 | Lair:3   | Found a one-way gate to the infinite horrors of the Abyss.
 11960 | Lair:3   | Reached XP level 13. HP: 62/115 MP: 18/18
 12112 | Lair:3   | Received a gift from Okawaru
 12113 | Lair:3   | Reached skill level 5 in Throwing
 12919 | Lair:4   | Found a staircase to the Shoals.
 13046 | Lair:4   | Received a gift from Okawaru
 13081 | Lair:4   | Got the Volume of the Earthen Snowflakes
 13114 | Lair:5   | Reached skill level 17 in Axes
 13296 | Lair:5   | Identified the +7 shortbow of Haniog {freeze, rPois}
 13906 | Lair:6   | Entered Level 6 of the Lair of Beasts
 13906 | Lair:6   | Found a staircase to the Slime Pits.
 14039 | Lair:6   | Identified the +8 battleaxe "Pillei" {vorpal, rPois rCorr
                  | Int+3} (Okawaru gifted it to you on level 6 of the Lair of
                  | Beasts)
 14039 | Lair:6   | Received a gift from Okawaru
 14408 | Lair:6   | Identified the +6 battleaxe of the First Violins {vorpal,
                  | Will+ rCorr Dex+3 Stlth+} (Okawaru gifted it to you on
                  | level 6 of the Lair of Beasts)
 14408 | Lair:6   | Received a gift from Okawaru
 14413 | Lair:6   | Reached XP level 14. HP: 90/125 MP: 20/20
 15049 | Lair:6   | Noticed a dire elephant
 15077 | Lair:6   | Killed a dire elephant
 15077 | Lair:6   | Identified the +2 battleaxe of War {vorpal, rPois rC+ Will+
                  | rCorr} (Okawaru gifted it to you on level 6 of the Lair of
                  | Beasts)
 15077 | Lair:6   | Received a gift from Okawaru
 15208 | Lair:6   | Found a burning altar of Makhleb.
 15280 | Lair:6   | Reached skill level 18 in Axes
 15410 | Lair:6   | Found a gateway to Hell.
 15423 | Lair:6   | Reached skill level 10 in Invocations
 15426 | Lair:6   | Got Taiffos's Disquisition on Enthralling Calling
 15659 | Orc:1    | Entered Level 1 of the Orcish Mines
 15817 | Orc:1    | Found Magieb's Book Shoppe.
 16068 | Orc:2    | Entered Level 2 of the Orcish Mines
 16255 | Orc:2    | Found a staircase to the Elven Halls.
 16405 | Orc:2    | Noticed an orc warlord
 16415 | Orc:2    | Received a gift from Okawaru
 16549 | Orc:2    | Killed an orc warlord
 16734 | Orc:2    | Found Plog's Weapon Shoppe.
 16767 | Orc:2    | Paralysed by an orc sorcerer for 2 turns
 16780 | Orc:2    | Paralysed by an orc sorcerer for 7 turns
 16786 | Orc:2    | Slain by an orc knight

Illustrated notes

Levels and vault maps discovered:
D:1:      ncdulo_lavacross, layout_basic, serial_bayou, serial_bayou_pond_c,
          serial_bayou_lagoon_a, serial_bayou_lake_a, serial_bayou_shore_a,
          st_stairs_1, minmay_pentomino_u4
D:2:      minmay_recursive_quarters, layout_rooms, uniq_sigmund
D:3:      layout_loops_cross, shapermc_ecumenical_altar_mp_vishouse,
          grunt_decor_mini_mirrors
D:4:      layout_loops_ring, grunt_temple_overflow_holy_war, zin_scriptorium,
          uniq_crazy_yiuf_cottage
D:5:      layout_rooms, minmay_misc_feat_five
D:6:      layout_basic, enter_ossuary_2, nicolae_shop_self_help
D:7:      layout_basic, nicolae_vehumet_altar_sigil,
          nicolae_elyvilon_peaceful_grove, minmay_temple_entry_mist
D:8:      layout_cave_pools, amcnicky_altar_gilded, nicolae_ru_path_of_blood,
          grunt_dithmenos_smoke, tgw_xom, david_lair_generic, uniq_maggie
D:9:      layout_long_grid, mainiacjoe_overflow_paths, nicolae_overflow_squiral,
          orc_0_dummy, serial_ice, serial_ice_a, serial_ice_h, serial_ice_n,
          serial_ice_i, serial_ice_o, serial_ice_f
D:10:     layout_big_octagon, lemuel_crystal_altar, st_stairs_14
D:11:     layout_gridville, fedhas_altar_3
Lair:1:   layout_small_grid, grunt_forest_large_clearing_hut
Lair:2:   layout_concentric_octagons
Lair:3:   layout_cave_pods, dummy_spider_entry, amcnicky_altar_lugonu_corruption
Lair:4:   layout_gridlike, minmay_shoals_entry_lonely_mermaid, st_stairs_4
Lair:5:   layout_hall_layers
Lair:6:   evil_forest, layout_regular_city, slime_dummy, serial_bayou_shore_b
Orc:1:    layout_caves, serial_shops, shop
Orc:2:    st_orc_elflike, layout_diamond_mine

Skill      XL: |  1  2  3  4  5  6  7  8  9 10 11 12 13 14 |
---------------+-------------------------------------------+-----
Axes           | 3 6 8 10 14 16 17 18 | 18.2
Fighting       | 4 5 8 9 10 11 12 | 12.9
Armour         | 4 5 7 9 10 11 12 | 12.0
Shields        | 4 |  4.0
Dodging        | 2 4 6 |  6.0
Invocations    | 4 6 9 10 | 10.6
Evocations     | 3 5 6 8 |  8.0
Throwing       | 2 4 6 7 |  7.5

Action                   |  1- 3 |  4- 6 |  7- 9 | 10-12 | 13-15 || total
-------------------------+-------+-------+-------+-------+-------++-------
Melee: War axe           |    69 |   125 |   373 |   376 |       ||   943
       Battleaxe         |       |       |       |   230 |   510 ||   740
Invok: Heroism           |       |       |     2 |    11 |     9 ||    22
       Finesse           |       |       |       |     1 |     7 ||     8
  Use: Potion            |     1 |       |       |       |     3 ||     4
       Scroll            |       |       |     5 |     6 |     4 ||    15
 Stab: Sleeping          |       |       |     3 |       |       ||     3
Armor: Scale mail        |    38 |    45 |       |       |       ||    83
       Ring mail         |       |     2 |   117 |   122 |       ||   241
       Plate armour      |       |       |       |    85 |   208 ||   293
Dodge: Dodged            |    65 |    62 |   147 |   254 |   232 ||   760
Block: Buckler           |    26 |    18 |    76 |    78 |       ||   198
